 Dungeon Crawl Stone Soup version 0.30.1-11-g7821555f0a (webtiles) character file.

Game seed: 1193289693138291100

65 SacredBeard the Vexing (level 3, -9/20 HPs)
             Began as a Deep Elf Hexslinger on Oct 31, 2023.
             Killed by divine providence
             ... invoked by an orc priest
              (11 damage)
             ... on level 2 of the Dungeon.
             The game lasted 00:03:34 (1042 turns).

SacredBeard the Vexing (Deep Elf Hexslinger)        Turns: 1042, Time: 00:03:35

Health: -9/20      AC:  7    Str:  7    XL:     3   Next: 94%
Magic:  8/8        EV: 12    Int: 17    God:
Gold:   31         SH:  0    Dex: 17    Spells: 6/7 levels left

rFire   . . .        a - +1 sling
rCold   . . .        (no shield)
rNeg    . . .        g - +0 leather armour
rPois   .            (no helmet)
rElec   .            (no cloak)
rCorr   .            (no gloves)
SInv    .            (no boots)
Will    .....        (no amulet)
Stlth   +            d - +4 ring of protection
HPRegen 0.23/turn    (no ring)
MPRegen 0.11/turn

%: no passive effects
@: no status effects
A: no striking features
a: no special abilities


You were on level 2 of the Dungeon.
You visited 1 branch of the dungeon, and saw 2 of its levels.

You collected 31 gold pieces.

Inventory:

Hand Weapons
 a - a +1 sling (weapon)
 c - a +2 whip of venom
Armour
 g - a +0 leather armour (worn)
Jewellery
 d - a +4 ring of protection (left hand)
Scrolls
 b - a scroll of poison
 e - a scroll of summoning {unknown}
 f - a scroll of identify {unknown}
 h - a scroll of blinking {unknown}


   Skills:
 - Level 1.0 Fighting
 * Level 3.8 Ranged Weapons
 - Level 1.0 Armour
 + Level 3.0 Dodging
 + Level 2.5 Spellcasting
 + Level 4.4 Hexes


You had 6 spell levels left.
You knew the following spells:

 Your Spells              Type           Power      Damage    Failure   Level
a - Slow                  Hex            68%        N/A       4%          1

Your spell library contained the following spells:

 Spells                   Type           Power      Damage    Failure   Level
 Inner Flame              Hex/Fire       9%         N/A       32%         3
 Portal Projectile        Hex/Tloc       18%        N/A       32%         3
 Cigotuvi's Dreadful Rot  Necr/Pois/Air  4%         N/A       38%         2
 Cause Fear               Hex            8%         N/A       38%         4
 Animate Armour           Summ/Erth      4%         N/A       95%         4
 Animate Dead             Necr           2%         N/A       95%         4
 Dispel Undead            Necr           2%         3d7       95%         4
 Blade Hands              Tmut           1%         N/A       100%        5
 Death Channel            Necr           1%         N/A       100%        6
 Iron Shot                Conj/Erth      1%         9d1       100%        6
 Haunt                    Necr/Summ      1%         N/A       100%        7
 Infestation              Necr           1%         N/A       100%        8


Dungeon Overview and Level Annotations

Branches:
Dungeon (2/15) Zot: 10925

Altars:


Message History

An orc priest comes into view. It is wielding a +0 trident.
You shoot a sling bullet. The orc priest shouts!
The sling bullet hits the orc.
The orc is heavily wounded.
The orc priest casts a cantrip, but nothing happens.
You shoot a sling bullet.
The sling bullet closely misses the orc.
The orc shouts!
The sling bullet hits the orc priest.
The orc priest is moderately wounded.
You shoot a sling bullet. The sling bullet hits the orc.
The orc is severely wounded.
You shoot a sling bullet. The sling bullet hits the orc!
You kill the orc!
You shoot a sling bullet. The sling bullet hits the orc priest.
The orc priest is heavily wounded.
The orc priest invokes the aid of Beogh against you.
Pain shoots through your body!
You shoot a sling bullet.
The sling bullet barely misses the orc priest.
The orc priest misses you. The orc attacks as you move away!
The orc hits you but does no damage.
The orc priest invokes the aid of Beogh against you.
Beogh smites you! The orc attacks as you move away!
The orc hits you but does no damage.
The orc priest looks encouraged for a moment.
The orc attacks as you move away! The orc hits you but does no damage.
The orc attacks as you move away! The orc hits you with a +0 dagger.
The orc priest mumbles some strange prayers to Beogh against you.
Beogh smites you!
Ouch! That really hurt!
* * * LOW HITPOINT WARNING * * *
The orc attacks as you move away! The orc barely misses you.
The orc attacks as you move away! The orc hits you with a +0 dagger.
* * * LOW HITPOINT WARNING * * *
The orc priest invokes the aid of Beogh against you.
Beogh smites you!
Ouch! That really hurt!
You die...

## # ############ .#.#
#######..........# .#.#
########.......>........# ...
.....##................# ##..
#..#...................#
#..#######......................#
#)##........####@.o...o.........#
.....#####..####............#####
#.#### #.......................
#.# #..................####. <.#
#..................# ## ..#
#.....####.........# ..# #.....#
##.#......# ..# #......#
#.#....... . #.. #......#
.#......# ##


You could see an orc priest and an orc.

Vanquished Creatures
  3 gnolls
  A worm (D:2)
  3 orcs (D:2)
  2 bats (D:1)
  2 endoplasms
  2 giant cockroaches (D:1)
  A goblin (D:1)
  3 hobgoblins (D:1)
  3 kobolds (D:1)
  3 quokkas (D:1)
  2 ball pythons (D:2)
  A frilled lizard (D:2)
  4 rats (D:1)
30 creatures vanquished.

Notes
Turn   | Place    | Note
-------+----------+-------------------------------------------
     0 | D:1      | SacredBeard the Deep Elf Hexslinger began the quest for the
                  | Orb.
     0 | D:1      | Reached XP level 1. HP: 11/11 MP: 5/5
   275 | D:1      | Reached XP level 2. HP: 16/16 MP: 6/6
   401 | D:1      | Reached skill level 1 in Fighting
   845 | D:2      | Reached XP level 3. HP: 20/20 MP: 8/8
   961 | D:2      | Reached skill level 1 in Armour
  1039 | D:2      | HP: 1/20 [orc/+0 dagger (3)]
  1042 | D:2      | Killed from afar by an orc priest

Illustrated notes

Levels and vault maps discovered:
D:1:      scummos_arrival_checkerplants, layout_loops_corners
D:2:      layout_rooms, dreamdust_ecumenical_altar_drowned_temple

Skill      XL: |  1  2  3 |
---------------+----------+-----
Ranged Weapons | 3 |  3.8
Fighting       | 1 |  1.0
Spellcasting   | 2 |  2.5
Armour         | 1 |  1.0
Dodging        | 3 |  3.0
Hexes          | |  4.4

Action                     || total
---------------------------++-------
  Melee: Whip              ||     1
   Fire: Sling             ||   113
   Cast: Slow              ||     4
 Armour: Leather armour    ||    26
  Dodge: Dodged            ||    33
